MID
LAKEWOOD BLUECLAWS @ BINGHAMTON METS
09/25/2049
 
TOP OF THE 1ST
Lakewood BlueClaws batting - Pitching for Binghamton Mets : RHP Wei-hong Qi
Pitching: RHP Wei-hong Qi
Batting: LHB Jonathan Roman 0-0: Called Strike
0-1: Ball
1-1: Swinging Strike
1-2: Ball
2-2: Ball
3-2: Ground out 4-3 (Groundball, 4S, EV 90.6 MPH)
Batting: LHB Matt Urbanek 0-0: Ball
1-0: SINGLE (Groundball, 6M, EV 95.6 MPH)
Batting: RHB Alan Weller 0-0: Ball
1-0: Foul Ball, location: 2F
1-1: Fly out, F7 (Line Drive, 7LM, EV 95.0 MPH)
Batting: LHB Josh George 0-0: Called Strike
0-1: Ball
Matt Urbanek steals 2nd base
1-1: Ball
2-1: Swinging Strike
2-2: Ball
3-2: Fly out, F4 (Line Drive, 4, EV 61.9 MPH)
Top of the 1st over - 0 runs, 1 hit, 0 errors, 1 left on base; Lakewood 0 - Binghamton 0
BOTTOM OF THE 1ST
Binghamton Mets batting - Pitching for Lakewood BlueClaws : RHP Shamar Hansford
Pitching: RHP Shamar Hansford
Batting: RHB Michael Youngberry 0-0: Swinging Strike
0-1: Called Strike
0-2: Strikes out swinging
Batting: SHB Tyler Maddux 0-0: Called Strike
0-1: Ball
1-1: Called Strike
1-2: Ground out 4-3 (Groundball, 4D, EV 101.2 MPH)
Batting: SHB Nick Daigle 0-0: Ball
1-0: Fly out, F7 (Flyball, 7LSF, EV 80.6 MPH)
Bottom of the 1st over - 0 runs, 0 hits, 0 errors, 0 left on base; Lakewood 0 - Binghamton 0
TOP OF THE 2ND
Lakewood BlueClaws batting - Pitching for Binghamton Mets : RHP Wei-hong Qi
Batting: LHB Eric Farren 0-0: Called Strike
0-1: Fly out, F7 (Flyball, 78S, EV 75.0 MPH)
Batting: SHB Steve DeRienzo 0-0: Ball
1-0: Called Strike
1-1: SINGLE (Groundball, 56D, EV 106.2 MPH)
Batting: RHB Kyle Reilly 0-0: Called Strike
Steve DeRienzo steals 2nd, throwing error, E2
Steve DeRienzo to third
0-1: Called Strike
0-2: Foul Ball, location: 2F
0-2: SINGLE (Line Drive, 4D, EV 105.0 MPH)
Steve DeRienzo scores
Batting: RHB Juan Valadez 0-0: Called Strike
Kyle Reilly is caught stealing 2nd base 2-4
0-1: Called Strike
0-2: Strikes out swinging
Top of the 2nd over - 1 run, 2 hits, 1 error, 0 left on base; Lakewood 1 - Binghamton 0
BOTTOM OF THE 2ND
Binghamton Mets batting - Pitching for Lakewood BlueClaws : RHP Shamar Hansford
Batting: RHB Sam Callahan 0-0: Swinging Strike
0-1: Ball
1-1: Swinging Strike
1-2: SINGLE (Groundball, 56, EV 80.6 MPH) (infield hit)
Batting: LHB Jeremy Moorehead 0-0: Called Strike
Sam Callahan steals 2nd base
0-1: Ball
1-1: Fly out, F8 (Flyball, 8LD, EV 105.6 MPH)
Batting: RHB Gang-sheng Chew 0-0: Called Strike
0-1: Fly out, F9 (Flyball, 9D, EV 106.2 MPH)
Runner from 2nd tags up, SAFE at 3rd, no throw by RF
Batting: RHB Enrique Aguirre 0-0: Ball
1-0: Ball
2-0: Swinging Strike
2-1: Ball
3-1: Called Strike
3-2: Base on Balls
Batting: RHB Roberto Delgado 0-0: Called Strike
0-1: Fly out, F2 (Popup, 25F, EV 85.6 MPH)
Bottom of the 2nd over - 0 runs, 1 hit, 0 errors, 2 left on base; Lakewood 1 - Binghamton 0
TOP OF THE 3RD
Lakewood BlueClaws batting - Pitching for Binghamton Mets : RHP Wei-hong Qi
Batting: RHB Danny Habermehl 0-0: Ball
1-0: Foul Ball, location: 2F
1-1: Called Strike
1-2: Ball
2-2: Strikes out swinging
Batting: LHB Jonathan Roman 0-0: Foul Ball, location: 2F
0-1: Ground out 4-3 (Groundball, 4, EV 80.0 MPH)
Batting: LHB Matt Urbanek 0-0: Ball
1-0: Ball
2-0: Ball
3-0: Base on Balls
Batting: RHB Alan Weller 0-0: Called Strike
Matt Urbanek is caught stealing 2nd base 2-4
Top of the 3rd over - 0 runs, 0 hits, 0 errors, 0 left on base; Lakewood 1 - Binghamton 0
BOTTOM OF THE 3RD
Binghamton Mets batting - Pitching for Lakewood BlueClaws : RHP Shamar Hansford
Batting: SHB Salvador Gomez 0-0: SINGLE (Groundball, 6D, EV 98.8 MPH)
Batting: RHB Michael Youngberry 0-0: Ball
1-0: Grounds into double play, 4-6-3 (Groundball, 4, EV 86.2 MPH)
Batting: SHB Tyler Maddux 0-0: Ball
1-0: SOLO HOME RUN (Flyball, 9LD, EV 97.5 MPH), Distance : 375 ft
Batting: SHB Nick Daigle 0-0: Called Strike
0-1: Ball
1-1: Foul Ball, location: 2F
1-2: Foul Ball, location: 2F
1-2: Ball
2-2: Foul Ball, location: 2F
2-2: Fly out, F7 (Flyball, 7, EV 90.6 MPH)
Bottom of the 3rd over - 1 run, 2 hits, 0 errors, 0 left on base; Lakewood 1 - Binghamton 1
TOP OF THE 4TH
Lakewood BlueClaws batting - Pitching for Binghamton Mets : RHP Wei-hong Qi
DELAY Rain delay of 62 minutes in the 4th inning.
Batting: RHB Alan Weller 0-0: Ground out 6-3 (Groundball, 6, EV 96.9 MPH)
Batting: LHB Josh George 0-0: Called Strike
0-1: Ball
1-1: Ball
2-1: Foul Ball, location: 2F
2-2: Ball
3-2: Base on Balls
Batting: LHB Eric Farren 0-0: Ball
1-0: Ball
Josh George is caught stealing 2nd base 2-6
2-0: Foul Ball, location: 2F
2-1: Foul Ball, location: 2F
2-2: Ball
3-2: Strikes out looking
Top of the 4th over - 0 runs, 0 hits, 0 errors, 0 left on base; Lakewood 1 - Binghamton 1
BOTTOM OF THE 4TH
Binghamton Mets batting - Pitching for Lakewood BlueClaws : RHP Shamar Hansford
Batting: RHB Sam Callahan 0-0: Called Strike
0-1: Fly out, F4 (Popup, 4D, EV 68.1 MPH)
Batting: LHB Jeremy Moorehead 0-0: Ball
1-0: Ground out U3 (Groundball, 3, EV 86.9 MPH)
Batting: RHB Gang-sheng Chew 0-0: Ball
1-0: Ball
2-0: Foul Ball, location: 2F
2-1: SOLO HOME RUN (Flyball, 7D, EV 110.6 MPH), Distance : 405 ft
Batting: RHB Enrique Aguirre 0-0: TRIPLE (Groundball, 3L, EV 103.1 MPH)
Batting: RHB Roberto Delgado 0-0: Ball
1-0: SINGLE (Groundball, 6D, EV 108.1 MPH)
Enrique Aguirre scores
Batting: SHB Salvador Gomez 0-0: Ball
Passed Ball!
Roberto Delgado to second
1-0: Ground out 6-3 (Groundball, 6, EV 82.5 MPH)
Bottom of the 4th over - 2 runs, 3 hits, 0 errors, 1 left on base; Lakewood 1 - Binghamton 3
TOP OF THE 5TH
Lakewood BlueClaws batting - Pitching for Binghamton Mets : RHP Wei-hong Qi
Batting: SHB Steve DeRienzo 0-0: Ground out 5-3 (Groundball, 56, EV 86.2 MPH)
Batting: RHB Kyle Reilly 0-0: Swinging Strike
0-1: Ball
1-1: Ball
2-1: Fly out, F3 (Popup, 23F, EV 83.1 MPH)
Batting: RHB Juan Valadez 0-0: Ball
1-0: Ball
2-0: Foul Ball, location: 2F
2-1: Ball
3-1: Base on Balls
Batting: RHB Danny Habermehl 0-0: Called Strike
0-1: Swinging Strike
0-2: Strikes out swinging
Top of the 5th over - 0 runs, 0 hits, 0 errors, 1 left on base; Lakewood 1 - Binghamton 3
BOTTOM OF THE 5TH
Binghamton Mets batting - Pitching for Lakewood BlueClaws : RHP Shamar Hansford
Batting: RHB Michael Youngberry 0-0: Called Strike
0-1: Ball
1-1: Ball
2-1: Foul Ball, location: 2F
2-2: SINGLE (Groundball, 4MD, EV 100.6 MPH)
Batting: SHB Tyler Maddux 0-0: Called Strike
0-1: Foul Ball, location: 2F
0-2: Foul Ball, location: 2F
0-2: Ball
Wild Pitch!
Michael Youngberry to second
1-2: Foul Ball, location: 2F
1-2: SINGLE (Groundball, 3D, EV 109.4 MPH)
Michael Youngberry to third
Runner from 3rd tries for Home, SAFE, throw by RF to home
Batting: SHB Nick Daigle 0-0: Ball
Tyler Maddux steals 2nd base
1-0: DOUBLE (Line Drive, 89D, EV 104.4 MPH)
Tyler Maddux scores
Pitching: RHP Jeff van Schaik
Batting: RHB Sam Callahan 0-0: Swinging Strike
0-1: Swinging Strike
0-2: SINGLE (Groundball, 56D, EV 98.8 MPH)
Nick Daigle to third
Batting: LHB Jeremy Moorehead 0-0: Foul Ball, location: 2F
0-1: Called Strike
0-2: Foul Ball, location: 2F
0-2: Foul Ball, location: 2F
0-2: Strikes out swinging
Batting: RHB Gang-sheng Chew 0-0: Called Strike
0-1: Swinging Strike
0-2: Ball
1-2: Foul Ball, location: 2F
1-2: Foul Ball, location: 2F
1-2: Ball
2-2: Ball
3-2: Strikes out looking
Sam Callahan steals 2nd base
Batter strikes out.
Batting: RHB Enrique Aguirre 0-0: Ball
1-0: Ball
2-0: Ground out 5-3 (Groundball, 5, EV 89.4 MPH)
Bottom of the 5th over - 2 runs, 4 hits, 0 errors, 2 left on base; Lakewood 1 - Binghamton 5
TOP OF THE 6TH
Lakewood BlueClaws batting - Pitching for Binghamton Mets : RHP Wei-hong Qi
Batting: LHB Jonathan Roman 0-0: Called Strike
0-1: Ball
1-1: Foul Ball, location: 2F
1-2: Ball
2-2: Ground out 6-3 (Groundball, 6, EV 91.2 MPH)
Batting: LHB Matt Urbanek 0-0: Called Strike
0-1: Ball
1-1: Ball
2-1: Swinging Strike
2-2: Ball
3-2: Foul Ball, location: 2F
3-2: SINGLE (Line Drive, 4MD, EV 94.4 MPH)
Batting: RHB Alan Weller 0-0: Swinging Strike
0-1: Ball
Matt Urbanek steals 2nd base
1-1: Swinging Strike
1-2: Foul Ball, location: 2F
1-2: Ball
2-2: Strikes out swinging
Pitching: RHP Rome Corona
Batting: LHB Josh George 0-0: Foul Ball, location: 2F
0-1: Swinging Strike
0-2: Ball
1-2: Ball
2-2: SINGLE (Flyball, 4D, EV 90.0 MPH)
Matt Urbanek to third
Runner from 3rd tries for Home, SAFE, throw by CF to home
Batting: LHB Eric Farren 0-0: Ball
1-0: Ball
2-0: Foul Ball, location: 2F
2-1: Ball
3-1: Base on Balls
Josh George to second
Batting: SHB Steve DeRienzo 0-0: Ball
1-0: 3-RUN HOME RUN (Flyball, 89XD, EV 96.9 MPH), Distance : 392 ft
Pitching: RHP Battista Aldobrandini
Batting: RHB Kyle Reilly 0-0: Called Strike
0-1: Ball
1-1: Ground out 5-3 (Groundball, 56S, EV 82.5 MPH)
Top of the 6th over - 4 runs, 3 hits, 0 errors, 0 left on base; Lakewood 5 - Binghamton 5
BOTTOM OF THE 6TH
Binghamton Mets batting - Pitching for Lakewood BlueClaws : RHP Jeff van Schaik
Batting: RHB Roberto Delgado 0-0: Called Strike
0-1: Ball
1-1: Ball
2-1: Ball
3-1: Base on Balls
Batting: SHB Salvador Gomez 0-0: Swinging Strike
0-1: Ball
1-1: Swinging Strike
1-2: Ball
2-2: Strikes out swinging
Batting: RHB Michael Youngberry 0-0: Ball
1-0: Grounds into double play, 1-4-3 (Groundball, 15S, EV 72.5 MPH)
Bottom of the 6th over - 0 runs, 0 hits, 0 errors, 0 left on base; Lakewood 5 - Binghamton 5
TOP OF THE 7TH
Lakewood BlueClaws batting - Pitching for Binghamton Mets : RHP Battista Aldobrandini
Batting: RHB Juan Valadez 0-0: Ball
1-0: Ball
2-0: SINGLE (Groundball, 56D, EV 96.9 MPH)
Batting: RHB Danny Habermehl 0-0: Called Strike
0-1: Called Strike
Juan Valadez steals 2nd, throwing error, E2
Juan Valadez to third
Balk!
Juan Valadez scores
0-2: Ball
1-2: Ball
2-2: Ground out 5-3 (Groundball, 56, EV 87.5 MPH)
Batting: LHB Jonathan Roman 0-0: Foul Ball, location: 2F
0-1: Foul Ball, location: 2F
0-2: Ball
1-2: Ball
2-2: Ground out 5-3 (Groundball, 6S, EV 67.5 MPH)
Batting: LHB Matt Urbanek 0-0: Ball
1-0: Ball
2-0: Ball
3-0: Base on Balls
Batting: RHB Alan Weller 0-0: Called Strike
Matt Urbanek steals 2nd, throwing error, E2
Matt Urbanek to third
0-1: Fly out, F9 (Flyball, 89M, EV 88.1 MPH)
Top of the 7th over - 1 run, 1 hit, 2 errors, 1 left on base; Lakewood 6 - Binghamton 5
BOTTOM OF THE 7TH
Binghamton Mets batting - Pitching for Lakewood BlueClaws : RHP Jeff van Schaik
Pitching: RHP Ron Knowles
Batting: SHB Tyler Maddux 0-0: SINGLE (Groundball, 6S, EV 75.0 MPH) (infield hit)
Batting: SHB Nick Daigle 0-0: Called Strike
0-1: Fielders Choice at 2nd, 4-6 (Groundball, 4, EV 110.0 MPH)
Batting: RHB Sam Callahan 0-0: Ball
1-0: Called Strike
1-1: SINGLE (Line Drive, 6MD, EV 95.0 MPH)
Nick Daigle to second
Runner from 2nd tries for 3rd, SAFE, throw by CF made to third
Batting: LHB Jeremy Moorehead 0-0: Called Strike
Sam Callahan steals 2nd base
0-1: Foul Ball, location: 2F
0-2: Foul Ball, location: 2F
0-2: Ball
1-2: Ball
2-2: Ball
3-2: SINGLE (Groundball, 56, EV 96.9 MPH)
Nick Daigle scores
Sam Callahan to third
Batting: RHB Gang-sheng Chew 0-0: Called Strike
0-1: Called Strike
0-2: Ball
1-2: Foul Ball, location: 2F
1-2: Strikes out swinging
Batting: RHB Enrique Aguirre 0-0: Called Strike
0-1: Fielders Choice at 2nd, 6-4 (Groundball, 6, EV 85.0 MPH)
Bottom of the 7th over - 1 run, 3 hits, 0 errors, 2 left on base; Lakewood 6 - Binghamton 6
TOP OF THE 8TH
Lakewood BlueClaws batting - Pitching for Binghamton Mets : RHP Battista Aldobrandini
Pitching: RHP Leo Burgos
Batting: LHB Josh George 0-0: Fly out, F8 (Flyball, 78M, EV 88.8 MPH)
Batting: LHB Eric Farren 0-0: Ball
1-0: Ball
2-0: Ball
3-0: Called Strike
3-1: SINGLE (Groundball, 4D, EV 101.2 MPH)
Batting: SHB Steve DeRienzo 0-0: Ball
1-0: Ball
2-0: Bunted foul
2-1: Sac Bunt to P - play at first, batter OUT! 1-3
Eric Farren to second
Batting: RHB Kyle Reilly 0-0: Called Strike
0-1: Called Strike
0-2: Strikes out swinging
Top of the 8th over - 0 runs, 1 hit, 0 errors, 1 left on base; Lakewood 6 - Binghamton 6
BOTTOM OF THE 8TH
Binghamton Mets batting - Pitching for Lakewood BlueClaws : RHP Ron Knowles
Pitching: RHP Lance Brisson
Batting: RHB Roberto Delgado 0-0: Foul Ball, location: 2F
0-1: Ball
1-1: Ground out 4-3 (Groundball, 34D, EV 85.0 MPH)
Batting: SHB Salvador Gomez 0-0: Ball
1-0: Fly out, F8 (Flyball, 78D, EV 88.8 MPH)
Batting: RHB Michael Youngberry 0-0: Ball
1-0: Ball
2-0: Ball
3-0: Called Strike
3-1: Swinging Strike
3-2: Foul Ball, location: 2F
3-2: Foul Ball, location: 2F
3-2: SINGLE (Line Drive, 4D, EV 97.5 MPH)
Batting: SHB Tyler Maddux 0-0: Called Strike
0-1: Ball
Michael Youngberry is caught stealing 2nd base 2-6
Bottom of the 8th over - 0 runs, 1 hit, 0 errors, 0 left on base; Lakewood 6 - Binghamton 6
TOP OF THE 9TH
Lakewood BlueClaws batting - Pitching for Binghamton Mets : RHP Leo Burgos
Pitching: RHP Casey Cuomo
Batting: RHB Juan Valadez 0-0: Swinging Strike
0-1: Swinging Strike
0-2: Strikes out swinging
Batting: RHB Danny Habermehl 0-0: Called Strike
0-1: Called Strike
0-2: Ball
1-2: Ground out 5-3 (Groundball, 56S, EV 85.0 MPH)
Batting: LHB Jonathan Roman 0-0: Called Strike
0-1: Called Strike
0-2: Strikes out swinging
Top of the 9th over - 0 runs, 0 hits, 0 errors, 0 left on base; Lakewood 6 - Binghamton 6
BOTTOM OF THE 9TH
Binghamton Mets batting - Pitching for Lakewood BlueClaws : RHP Lance Brisson
Pitching: RHP Ramon Mena
Batting: SHB Tyler Maddux 0-0: Ball
1-0: Ground out 4-3 (Groundball, 4MS, EV 90.6 MPH)
Batting: SHB Nick Daigle 0-0: Foul Ball, location: 2F
0-1: Called Strike
0-2: Strikes out swinging
Batting: RHB Sam Callahan 0-0: Ball
1-0: Ball
2-0: Ball
3-0: Called Strike
3-1: Fly out, F9 (Flyball, 9LM, EV 90.0 MPH)
Bottom of the 9th over - 0 runs, 0 hits, 0 errors, 0 left on base; Lakewood 6 - Binghamton 6
TOP OF THE 10TH
Lakewood BlueClaws batting - Pitching for Binghamton Mets : RHP Casey Cuomo
Batting: LHB Matt Urbanek 0-0: SINGLE (Line Drive, 7S, EV 91.2 MPH)
Batting: RHB Alan Weller 0-0: Called Strike
0-1: Swinging Strike
0-2: Ball
1-2: Foul Ball, location: 2F
1-2: DOUBLE (Flyball, 89XD, EV 96.9 MPH)
Matt Urbanek to third
Batting: LHB Josh George 0-0: Intentional Walk
Batting: LHB Eric Farren 0-0: Swinging Strike
0-1: Ball
1-1: Swinging Strike
1-2: Ball
2-2: Strikes out looking
Batting: SHB Steve DeRienzo 0-0: Fly out, F7 (Flyball, 7, EV 89.4 MPH)
Batting: RHB Kyle Reilly 0-0: Foul Ball, location: 2F
0-1: Ball
1-1: Ball
2-1: Swinging Strike
2-2: Hit by Pitch
Matt Urbanek scores
Alan Weller to third
Josh George to second
Pitching: RHP Felipe Hinojosa
Batting: RHB Juan Valadez 0-0: Ground out 3-1 (Groundball, 34, EV 77.5 MPH)
Top of the 10th over - 1 run, 2 hits, 0 errors, 3 left on base; Lakewood 7 - Binghamton 6
BOTTOM OF THE 10TH
Binghamton Mets batting - Pitching for Lakewood BlueClaws : RHP Ramon Mena
Batting: LHB Jeremy Moorehead 0-0: Ball
1-0: Ball
2-0: Ball
3-0: Called Strike
3-1: Called Strike
3-2: Strikes out looking
Batting: RHB Gang-sheng Chew 0-0: Ground out 6-3 (Groundball, 6, EV 78.1 MPH)
Batting: RHB Enrique Aguirre 0-0: Foul Ball, location: 2F
0-1: Called Strike
0-2: Foul Ball, location: 2F
0-2: Foul Ball, location: 2F
0-2: Ball
1-2: Strikes out looking
Bottom of the 10th over - 0 runs, 0 hits, 0 errors, 0 left on base; Lakewood 7 - Binghamton 6
Sunday, July 16th , 2023 - OOTP Baseball 24.6 Build 69